 Dungeon Crawl Stone Soup version 0.25.1-2-g60ff931df9 (webtiles) character file.

Game seed: 4990371455371841886

2119 graki42 the Thaumaturge (level 9, -4/47 HPs)
             Began as a Deep Elf Fire Elementalist on Aug 4, 2020.
             Was a Follower of Sif Muna.
             Slain by Joseph
             ... wielding a +0 quarterstaff
              (12 damage)
             ... on level 7 of the Dungeon.
             The game lasted 00:30:50 (6359 turns).

graki42 the Thaumaturge (DEFE)                      Turns: 6359, Time: 00:30:51

Health: -4/47      AC:  3    Str:  8    XL:     9   Next: 8%
Magic:  7/32       EV: 14    Int: 23    God:    Sif Muna [*.....]
Gold:   385        SH:  0    Dex: 15    Spells: 5/25 levels left

rFire    + . .     SeeInvis .   f - +2 dagger (drain)
rCold    . . .     Gourm    .   (no shield)
rNeg     . . .     Faith    .   (no armour)
rPois    .         Spirit   .   (no helmet)
rElec    .         Reflect  .   p - +0 cloak
rCorr    .         Harm     .   l - +0 pair of gloves
MR       .....                  h - +0 pair of boots
Stlth    +++.......             (no amulet)
HPRegen  0.15/turn              e - ring of magical power
MPRegen  0.23/turn              (no ring)

@: no status effects
A: clever 1, fire resistance 1
a: Channel Magic, Renounce Religion


You were on level 7 of the Dungeon.
You worshipped Sif Muna.
Sif Muna was aware of your devotion.
You were not hungry.

You visited 2 branches of the dungeon, and saw 8 of its levels.

You collected 385 gold pieces.

Inventory:

Hand Weapons
 f - a +2 dagger of draining (weapon)
Armour
 h - a +0 pair of boots (worn)
 l - a +0 pair of gloves (worn)
 p - a +0 cloak (worn)
Jewellery
 e - a ring of magical power (left hand)
Wands
 i - a wand of random effects (17)
 n - a wand of digging (4)
 y - a wand of flame (3)
Scrolls
 b - a scroll of identify
 j - 4 scrolls of teleportation {unknown}
 m - 2 scrolls of immolation {unknown}
 q - 2 scrolls of fog {unknown}
 t - 3 scrolls of magic mapping {unknown}
 u - 2 scrolls of amnesia {unknown}
 v - 2 scrolls of remove curse
 w - a scroll of enchant armour {unknown}
 x - a scroll of blinking {unknown}
Potions
 a - 3 potions of curing
 d - a potion of resistance
 g - a potion of might
 k - a potion of brilliance
 o - 2 potions of haste
 s - 2 potions of stabbing
 z - 2 potions of mutation
Comestibles
 c - 14 rations
 r - 5 chunks of flesh


   Skills:
 + Level 1.4 Fighting
 + Level 1.6 Short Blades
 + Level 3.6 Dodging
 + Level 5.3 Stealth
 + Level 8.7 Spellcasting
 + Level 5.5 Conjurations
 * Level 2.2 Hexes
 + Level 7.8 Fire Magic
 * Level 2.1 Invocations


You had 5 spell levels left.
You knew the following spells:

 Your Spells              Type           Power        Failure   Level  Hunger
a - Foxfire               Conj/Fire      ####         1%          1    None
b - Conjure Flame         Conj/Fire      #####...     1%          3    None
c - Inner Flame           Hex/Fire       ####....     2%          3    None
d - Sticky Flame          Conj/Fire      #####...     4%          4    ##.....
e - Fireball              Conj/Fire      #####.....   12%         5    ####...
f - Fulminant Prism       Conj/Hex       ####......   13%         4    ##.....

Your spell library contained the following spells:

 Spells                   Type           Power        Failure   Level  Hunger
 Summon Small Mammal      Summ           ##..         6%          1    None
 Call Imp                 Summ           ##......     10%         2    None
 Summon Guardian Golem    Hex/Summ       ###.....     12%         3    None
 Call Canine Familiar     Summ           ##......     19%         3    None
 Hailstorm                Conj/Ice       ###.....     21%         4    ##.....
 Irradiate                Conj/Tmut      ###.......   50%         5    ####...
 Summon Ice Beast         Ice/Summ       ##......     54%         4    ##.....
 Summon Lightning Spire   Summ/Air       ##......     54%         4    ##.....
 Conjure Ball Lightning   Conj/Air       ###.......   97%         6    ######.


Dungeon Overview and Level Annotations

Branches:
Dungeon (7/15)             Temple (1/1) D:4

Altars:
Ashenzari
Cheibriados
Dithmenos
Elyvilon
Fedhas
Gozag
Hepliaklqana
Kikubaaqudgha
Makhleb
Nemelex Xobeh
Okawaru
Qazlal
Ru
Sif Muna
Trog
Uskayaw
Vehumet
Wu Jian
Xom
Yredelemnul
Zin
The Shining One

Shops:
D:5 }

Annotations:
D:7 Joseph


Innate Abilities, Weirdness & Mutations

Your mind is acute. (Int +2)
Your flesh is heat resistant. (rF+)


Message History

Joseph unwields a +0 hunting sling.
Joseph wields a +0 quarterstaff.
Joseph hits you with a +0 quarterstaff!
* * * LOW HITPOINT WARNING * * *
Casting: Foxfire (safe; 1% risk of failure)
Confirm with . or Enter, or press ? or * to list all spells.
Aiming: Sticky Flame (dangerous; 4% risk of failure)
Press: ? - help, Shift-Dir - straight line, f/p - Joseph
Aim: Joseph, wielding a +0 quarterstaff, wearing a +2 leather armour of cold resistance and quivering 14 sling bullets (heavily wounded)
The sticky flame hits Joseph.
Joseph is heavily wounded.
Joseph is covered in liquid flames!
Joseph burns!
Joseph hits you with a +0 quarterstaff.
* * * LOW HITPOINT WARNING * * *
Okay, then.
Unknown command.
Unknown command.
You hit Joseph but do no damage. You drain Joseph.
Joseph is severely wounded.
Joseph burns!
Joseph hits you with a +0 quarterstaff!
You die...

....#.....#...#........#
#...
....#.....'...'........#
#...
#'###.##.###.##..#######
#..# ..###.##.###)##+###
#+# <..#..............#
...#..............#
...#..............+
...#..............#
.###..######.##.@## ## .
##ยง##(@###########...#
#.......((.'@..........
#..........#......y...
##..###..###?..###..#
#### ######...###..##
...$.........#
....5>.....y.+
@......<##.


You could see Joseph (burning, drained).

Vanquished Creatures
  Pikel (D:5)
  Prince Ribbit (D:7)
  Duvessa (D:7)
  An orc warrior (D:6)
  A slave (D:6)
  A phantom (D:6)
  2 ogres
  3 bullfrogs
  Dowan (D:7)
  A scorpion (D:6)
  6 killer bees
  A howler monkey (D:6)
  3 orc priests
  2 orc wizards
  Ijyb (D:3)
  2 worker ants (D:6)
  4 gnolls (D:6)
  7 adders
  A shadow imp (D:5)
  2 worms (D:3)
  3 dart slugs
  6 leopard geckos
  9 orcs
  4 giant cockroaches
  7 goblins
  7 hobgoblins
  3 jackals (D:6)
  12 kobolds
  3 quokkas
  3 ball pythons (D:2)
  11 bats
  10 frilled lizards
  A quokka skeleton (D:7)
  7 rats
128 creatures vanquished.

Vanquished Creatures (others)
  A slave (D:6)
  An orc priest (D:6)
  3 orcs (D:6)
  397 foxfires
402 creatures vanquished.

Grand Total: 530 creatures vanquished

Notes
Turn   | Place    | Note
-------+----------+-------------------------------------------
     0 | D:1      | graki42 the Deep Elf Fire Elementalist began the quest for
                  | the Orb.
     0 | D:1      | Reached XP level 1. HP: 10/10 MP: 6/6
    99 | D:1      | Reached XP level 2. HP: 15/15 MP: 6/8
   677 | D:2      | Reached XP level 3. HP: 16/19 MP: 7/10
   824 | D:2      | Found an iron altar of Okawaru.
  1204 | D:2      | Reached skill level 4 in Spellcasting
  1615 | D:3      | Reached XP level 4. HP: 24/24 MP: 4/12
  1718 | D:3      | Noticed Ijyb
  1725 | D:3      | Killed Ijyb
  1867 | D:3      | Reached skill level 5 in Fire Magic
  2049 | D:3      | Learned a level 3 spell: Conjure Flame
  2054 | D:3      | Learned a level 4 spell: Sticky Flame
  2458 | D:3      | Reached XP level 5. HP: 16/28 MP: 9/13
  2742 | D:4      | Noticed an ogre
  2754 | D:4      | Killed an ogre
  2754 | D:4      | Reached skill level 5 in Spellcasting
  2754 | D:4      | Reached XP level 6. HP: 14/32 MP: 5/15
  3127 | D:4      | Found a staircase to the Ecumenical Temple.
  3136 | Temple   | Entered the Ecumenical Temple
  3203 | Temple   | Became a worshipper of Sif Muna the Loreminder
  3623 | D:5      | Entered Level 5 of the Dungeon
  3674 | D:5      | Found Cixzeute's Gadget Shop.
  3842 | D:5      | Identified Vehumet's Handbook of Combat Magic
  4558 | D:6      | Reached XP level 7. HP: 36/36 MP: 17/17
  4595 | D:6      | Noticed Pikel
  4699 | D:5      | Learned a level 3 spell: Inner Flame
  4705 | D:5      | Learned a level 5 spell: Fireball
  4722 | D:5      | Killed Pikel
  4722 | D:5      | Reached skill level 1 in Short Blades
  4722 | D:5      | Reached skill level 5 in Stealth
  4722 | D:5      | Reached skill level 7 in Spellcasting
  4722 | D:5      | Reached XP level 8. HP: 22/42 MP: 20/20
  5066 | D:6      | Found a shimmering altar of Xom.
  5563 | D:6      | Reached skill level 1 in Fighting
  5720 | D:7      | Noticed Joseph
  5743 | D:6      | Gained mutation: You are partially covered in thin metallic
                  | scales. (AC +2) [potion of mutation]
  5743 | D:6      | Lost mutation: You are partially covered in thin metallic
                  | scales. (AC +2) [potion of mutation]
  5743 | D:6      | Gained mutation: Your mind is acute. (Int +2) [potion of
                  | mutation]
  5743 | D:6      | Gained mutation: Your flesh is heat resistant. (rF+)
                  | [potion of mutation]
  5894 | D:6      | Reached * piety under Sif Muna
  6037 | D:7      | Reached skill level 1 in Invocations
  6111 | D:7      | Noticed Duvessa
  6111 | D:7      | Noticed Dowan
  6126 | D:7      | Killed Duvessa
  6126 | D:7      | Reached skill level 8 in Spellcasting
  6126 | D:7      | Reached skill level 5 in Conjurations
  6136 | D:7      | Killed Dowan
  6244 | D:7      | Learned a level 4 spell: Fulminant Prism
  6316 | D:7      | Reached skill level 1 in Hexes
  6316 | D:7      | Noticed Prince Ribbit
  6328 | D:7      | Killed Prince Ribbit
  6328 | D:7      | Reached XP level 9. HP: 47/47 MP: 16/23
  6359 | D:7      | Slain by Joseph

Illustrated notes

Levels and vault maps discovered:
D:1:      dpeg_arrival_orchard, layout_rooms
D:2:      layout_loops_cross, lemuel_round_altar, first_ration
D:3:      layout_rooms, corexii_corridor_pit, hangedman_abyss_or_decor_stabs,
          uniq_ijyb
D:4:      layout_basic, temple_hall
D:5:      layout_gridville, serial_shops, shop, minmay_misc_feat_room,
          minivault_5
D:6:      layout_rooms, overflow_temple_1_default, serial_glass,
          glass_columns_a, glass_columns_c, uniq_pikel
D:7:      layout_gridville, uniq_prince_ribbit1, uniq_duvessa, uniq_joseph,
          uniq_crazy_yiuf_cottage
Temple:   regret_index_temple_chain_breaker

Skill      XL: |  1  2  3  4  5  6  7  8 |
---------------+-------------------------+-----
Fire Magic     | 4 5 6 7 |  7.8
Spellcasting   | 4 5 7 8 |  8.7
Stealth        | 3 4 5 |  5.3
Conjurations   | 2 3 4 5 |  5.5
Short Blades   | 1 |  1.6
Dodging        | 3 |  3.6
Fighting       | 1 |  1.4
Invocations    | 2 |  2.1
Hexes          | 2 |  2.2

Action                   |  1- 3 |  4- 6 |  7- 9 || total
-------------------------+-------+-------+-------++-------
Melee: Dagger            |     6 |    14 |     5 ||    25
 Cast: Foxfire           |    55 |    88 |    94 ||   237
       Conjure Flame     |       |     1 |     5 ||     6
       Sticky Flame      |       |       |     6 ||     6
       Inner Flame       |       |       |     6 ||     6
       Fireball          |       |       |     1 ||     1
  Use: Scroll            |     3 |     1 |     2 ||     6
       Potion            |       |     1 |     9 ||    10
 Stab: Sleeping          |     2 |       |     1 ||     3
  Eat: Chunk             |     1 |    10 |     6 ||    17
Armor: Skin              |     2 |     3 |    11 ||    16
Dodge: Dodged            |     9 |     8 |    27 ||    44
